 Dungeon Crawl Stone Soup version 0.28.0 (webtiles) character file.

Game seed: 13379436151670310615

52 Hasart the Covered (level 3, 0/30 HPs)
             Began as a Demigod Fighter on Feb 14, 2022.
             Slain by an adder (4 damage)
             ... on level 2 of the Dungeon.
             The game lasted 00:01:44 (1411 turns).

Hasart the Covered (Demigod Fighter)                Turns: 1411, Time: 00:01:44

Health: 0/30       AC:  7    Str: 17    XL:     3   Next: 39%
Magic:  5/5        EV:  9    Int: 10    God:
Gold:   54         SH:  5    Dex: 17    Spells: 2/2 levels left

rFire   . . .      SeeInvis .   a - +0 long sword
rCold   . . .      Faith    .   c - +0 buckler
rNeg    . . .      Spirit   .   b - +0 scale mail
rPois   .          Reflect  .   (no helmet)
rElec   .          Harm     .   (no cloak)
rCorr   .          Rampage  .   f - +0 pair of gloves
Will    .....                   (no boots)
Stlth   ..........              (no amulet)
HPRegen 0.10/turn               (no ring)
MPRegen 0.09/turn               (no ring)

@: no status effects
A: high MP 1, forlorn, divine attributes
a: no special abilities


You were on level 2 of the Dungeon.
You visited 1 branch of the dungeon, and saw 2 of its levels.

You collected 54 gold pieces.

Inventory:

Hand Weapons
 a - a +0 long sword (weapon)
Missiles
 g - 2 boomerangs (quivered)
Armour
 b - a +0 scale mail (worn)
 c - a +0 buckler (worn)
 f - a +0 pair of gloves (worn)
Scrolls
 e - a scroll of immolation {unknown}
 i - 3 scrolls of magic mapping {unknown}
 j - a scroll of brand weapon {unknown}
 k - a scroll of vulnerability {unknown}
Potions
 d - a potion of might
 h - a potion of heal wounds {unknown}


   Skills:
 + Level 2.9 Fighting
 * Level 2.4 Long Blades
 + Level 0.7 Throwing
 + Level 3.0 Armour
 + Level 0.7 Dodging
 + Level 3.0 Shields


You had 2 spell levels left.
You didn't know any spells.
Your spell library was empty.

Dungeon Overview and Level Annotations

Branches:
Dungeon (2/15)


Innate Abilities, Weirdness & Mutations

You have an increased reservoir of magic. (+10% MP)
You shall have no god before yourself.
Your divine heritage dramatically boosts your attributes as you level up.


Message History

You block the bat's attack.
You hit the bat but do no damage. The bat hits you but does no damage.
You block the bat's attack. The jackal misses you.
You barely miss the jackal. The jackal barely misses you. The jackal bites you.
* * * LOW HITPOINT WARNING * * *
You miss the jackal.
The jackal bites you but does no damage.
You block the jackal's attack.
You slash the jackal!
You kill the jackal!
The jackal barely misses you.
You slash the jackal!
You kill the jackal!
The bat barely misses you.
You completely miss the bat. The bat hits you but does no damage. x2
You closely miss the adder.
The adder is severely wounded.
You block the adder's attack. The adder bites you but does no damage.
You barely miss the adder.
The adder is severely wounded.
You block the adder's attack. The adder misses you.
You barely miss the adder.
The adder is severely wounded.
The adder barely misses you.
You completely miss the adder.
The adder is severely wounded.
You block the adder's attack. x2
You barely miss the adder.
The adder is severely wounded.
The adder closely misses you.
You barely miss the adder.
The adder is severely wounded.
The adder closely misses you. The adder barely misses you.
You hit the adder.
The adder is severely wounded.
You block the adder's attack. The adder bites you but does no damage.
You barely miss the adder.
The adder is severely wounded.
You block the adder's attack. The adder bites you.
You die...

...#..##.#.#
#.####.# .#.#
##..........###.#
#.# .# #
#.##.####......#
#.# ... #.
##...######.# ..##
#. #........ .. #.
####..###### #.
#......# #.##.#(#
# # # #@#.# .###
#. #S#.###.....
...###b......####
#.......[.........
#.####..†.........
..........##.....
..###.._...# .#.#
#......# ...
#......# #.


You could see an adder and a bat.

Vanquished Creatures
  2 adders
  A worm (D:2)
  3 dart slugs
  4 ball pythons (D:1)
  4 goblins
  2 jackals (D:2)
  4 bats
  2 frilled lizards (D:1)
  A kobold (D:1)
  6 rats
29 creatures vanquished.

Notes
Turn   | Place    | Note
-------+----------+-------------------------------------------
     0 | D:1      | Hasart the Demigod Fighter began the quest for the Orb.
     0 | D:1      | Reached XP level 1. HP: 18/18 MP: 3/3
   509 | D:1      | Reached XP level 2. HP: 25/25 MP: 4/4
  1305 | D:2      | Reached XP level 3. HP: 30/30 MP: 5/5
  1411 | D:2      | Slain by an adder

Illustrated notes

Levels and vault maps discovered:
D:1:      dpeg_arrival_lava_temple_mockup, layout_basic, solitary_fountain,
          minmay_misc_feat_x
D:2:      layout_rooms, dreamdust_ecumenical_altar_angels_and_demons,
          basic_altar

Skill      XL: |  1  2  3 |
---------------+----------+-----
Long Blades    | 2 |  2.4
Armour         | 3 |  3.0
Shields        | 3 |  3.0
Fighting       | |  2.9
Throwing       | |  0.7
Dodging        | |  0.7

Action                   || total
-------------------------++-------
Melee: Long sword        ||    90
Armor: Scale mail        ||    46
Dodge: Dodged            ||    40
Block: Buckler           ||    43
